 Dungeon Crawl Stone Soup version 0.30-a0-462-gd5975efbca (webtiles) character file.

Game seed: 11223245424702475782

47816 lokiplouj the Warrior (level 14, -2/181 HPs)
             Began as a Minotaur Berserker on Dec 16, 2022.
             Was a High Priest of Trog.
             Killed from afar by an oklob plant (32 damage)
             ... with a splash of acid
             ... on level 5 of the Lair of Beasts.
             The game lasted 00:27:57 (15879 turns).

lokiplouj the Warrior (Minotaur Berserker)         Turns: 15879, Time: 00:27:57

Health: -2/181     AC:  6    Str: 29    XL:     14   Next: 10%
Magic:  13/13      EV: 13    Int:  6    God:    Trog [*****.]
Gold:   1004       SH: 12    Dex: 17    Spells: 13/13 levels left

rFire   . . .      SeeInvis .    D - +2 hand axe (vorpal)
rCold   + . .      Faith    .    P - +0 kite shield
rNeg    . . .      Spirit   .    d - +0 plate armour
rPois   .          Reflect  +    (helmet restricted)
rElec   .          Harm     .    (no cloak)
rCorr   .          Rampage  .    Y - +0 pair of gloves "Leigh" {Int+2 Dex+3}
Will    +....                    (no boots)
Stlth   ..........               B - amulet of Foolhardiness {Reflect rC+ SH+5}
HPRegen 0.00/turn                g - +4 ring of slaying
MPRegen 0.13/turn                w - +6 ring of strength

@: berserking, corroded, inhibited regen, very quick
A: horns 2, retaliatory headbutt, frail 1, inhibited regeneration
a: Renounce Religion, Berserk, Trog's Hand, Brothers in Arms


You were on level 5 of the Lair of Beasts.
You worshipped Trog.
Trog was extremely pleased with you.
You visited 2 branches of the dungeon, and saw 14 of its levels.

You collected 1154 gold pieces.
You spent 150 gold pieces at shops.

Inventory:

Hand Weapons
 a - a +0 hand axe of venom
 u - a +2 vorpal battleaxe
 D - a +2 vorpal hand axe (weapon)
 V - a +3 battleaxe of flaming
Missiles
 Q - 2 throwing nets (quivered)
Armour
 d - a +0 plate armour (worn)
 P - a +0 kite shield (worn)
 Y - the +0 pair of gloves "Leigh" (worn) {Int+2 Dex+3}
   (You found it on level 9 of the Dungeon)

   Int:       It affects your intelligence (+2).
   Dex:       It affects your dexterity (+3).
Jewellery
 c - a ring of poison resistance
 g - a +4 ring of slaying (left hand)
 k - a ring of magical power
 p - a +4 ring of evasion
 v - the ring "Ejyjaet" {Fly rPois rF+ rN+ rCorr}
   (You took it off a kobold on level 3 of the Dungeon)

   [ring of poison resistance]

   rF:        It protects you from fire.
   rPois:     It protects you from poison.
   rN:        It protects you from negative energy.
   Fly:       It grants you flight.
   rCorr:     It protects you from acid and corrosion.
 w - a +6 ring of strength (right hand)
 A - a ring of resist corrosion
 B - the amulet of Foolhardiness (around neck) {Reflect rC+ SH+5}
   (You found it on level 5 of the Lair of Beasts)

   [amulet of reflection]

   It reflects blocked missile attacks.
   rC:        It protects you from cold.
   SH:        It affects your SH (+5).
 T - the amulet of Sueree {RegenMP Contam Str+3 Dex+6}
   (You bought it in a shop on level 9 of the Dungeon)

   [amulet of magic regeneration]

   It increases your rate of magic regeneration.
   Str:       It affects your strength (+3).
   Dex:       It affects your dexterity (+6).
   Contam:    It causes magical contamination when unequipped.
Wands
 b - a wand of mindburst (4)
 m - a wand of paralysis (19)
 o - a wand of acid (2)
 x - a wand of flame (33)
 L - a wand of roots (17)
 O - a wand of polymorph (8)
Scrolls
 j - 3 scrolls of enchant armour
 l - 3 scrolls of teleportation
 n - 5 scrolls of magic mapping
 t - 2 scrolls of silence
 y - 2 scrolls of vulnerability
 C - a scroll of fear
 F - 3 scrolls of noise
 N - 4 scrolls of poison
 S - 3 scrolls of identify
 U - 3 scrolls of immolation
 W - 2 scrolls of summoning
 X - a scroll of torment
 Z - 2 scrolls of fog
Potions
 e - 4 potions of heal wounds
 f - 3 potions of degeneration
 h - a potion of resistance
 i - 4 potions of lignification
 r - a potion of brilliance
 s - 2 potions of flight
 G - 6 potions of curing
 M - a potion of haste
Miscellaneous
 q - a lightning rod (4/4)


   Skills:
 + Level 15.2 Fighting
 + Level 15.2 Axes
 + Level 15.0 Armour
 + Level 13.8 Dodging


You had 13 spell levels left.
You didn't know any spells.
Your spell library was empty.

Dungeon Overview and Level Annotations

Branches:
Dungeon (9/15)             Temple (0/1) D:6            Lair (5/5) D:8
  Swamp (0/4) Lair:2        Snake (0/4) Lair:2        Slime (0/5) Lair:4
    Orc: D:9-12

Altars:
Elyvilon
Fedhas
Gozag
Hepliaklqana
Kikubaaqudgha
Ru
Xom
The Shining One

Shops:
D:7 :?=[   D:9 *

Annotations:
Lair:5 exclusion: oklob plant


Innate Abilities, Weirdness & Mutations

You have a pair of horns on your head.
You reflexively headbutt those who attack you in melee.
You are frail. (-10% HP)
You do not regenerate when monsters are visible.


Message History

The oklob plant spits acid at you. The splash of acid hits you!!
The acid corrodes you!
You see here a +1 short sword of venom.
You hit the oklob plant but do no damage.
You hit the oklob plant.
The oklob plant is lightly damaged.
You slash the oklob plant!
The oklob plant is moderately damaged.
You hit the oklob plant.
You headbutt the oklob plant, but do no damage.
The oklob plant is moderately damaged.
The oklob plant spits acid at you. The splash of acid hits you!!
The acid corrodes you!
You hit the oklob plant.
The oklob plant is moderately damaged.
The oklob plant spits acid at you. The splash of acid hits you!!
* * * LOW HITPOINT WARNING * * *
The acid corrodes you!
You hit the oklob plant.
The oklob plant is heavily damaged.
You hit the oklob plant.
You headbutt the oklob plant, but do no damage.
The oklob plant is heavily damaged.
You hit the oklob plant.
You headbutt the oklob plant, but do no damage.
The oklob plant is severely damaged.
The oklob plant spits acid at you. The splash of acid misses you.
A red film seems to cover your vision as you go berserk!
You feel yourself moving faster!
You feel mighty! The oklob plant spits acid at you.
The splash of acid hits you!!
* * * LOW HITPOINT WARNING * * *
The acid corrodes you!
You hit the oklob plant.
The oklob plant is almost destroyed.
The oklob plant spits acid at you. The splash of acid hits you!!
You die...

### ### ####.# ###### #####..
.#...####..#(## #####.#....
#....÷..÷.....#########..........
....#÷÷+.#....##?$(..#...........
..#####..#.#..##@[.##.#......###.
..## #....#.#.##P$|#####....####.
#..# ##.#.###.####### ##...#.#..
..####....##..#####.## #........
...##....###........:# ##........
...###.#.####...#.#### #....^....
..## ##...#.#...### #####.......(
...####....##..#..###.###....####
.........P.....#.#.#....#....####


You could see an oklob plant.

Vanquished Creatures
  Erolcha (D:9)
  Fannar (Lair:3)
  2 hydras (Lair:5)
  A catoblepas (Lair:5)
  4 death yaks
  The ghost of tinescath the Fighter, a novice MiFi (D:8)
  2 lindwurms (Lair:5)
  2 bog bodies (Lair:2)
  A manticore (Lair:3)
  20 elephants
  Maurice (D:9)
  Joseph (D:7)
  3 black mambas
  2 torpor snails
  13 cane toads
  8 rime drakes
  6 komodo dragons
  7 polar bears
  15 dream sheep
  8 blink frogs
  2 hornets (D:9)
  A shadow (D:6)
  44 yaks
  15 wyverns
  8 basilisks
  2 wraiths
  3 steam dragons
  2 wargs (D:8)
  13 water moccasins
  An acid dragon (D:9)
  2 nagas (Lair:2)
  Duvessa (D:7)
  3 orc warriors (D:8)
  5 black bears (Lair:1)
  2 sky beasts
  An ice beast (D:6)
  5 centaurs
  A phantom (D:2)
  3 kobold brigands
  Blork the orc (D:4)
  A gnoll sergeant (D:8)
  16 bullfrogs
  4 scorpions (D:5)
  4 wights (D:5)
  Dowan (D:7)
  8 killer bees
  6 howler monkeys
  2 hounds (D:5)
  4 jellies
  3 gnoll boudas
  5 orc priests
  Natasha (twice) (D:2)
  An iguana (D:5)
  6 orc wizards
  6 hell rats (Lair:3)
  17 gnolls
  8 adders
  A shadow imp (D:6)
  A worm (D:5)
  2 dart slugs (D:1)
  20 orcs
  6 endoplasms
  5 giant cockroaches
  12 goblins
  10 hobgoblins
  6 jackals
  6 quokkas
  7 ball pythons
  8 bats
  2 frilled lizards
  29 kobolds
  5 rats
  A butterfly (D:6)
429 creatures vanquished.

Vanquished Creatures (collateral kills)
  2 yaks (Lair:5)
2 creatures vanquished.

Vanquished Creatures (others)
  A quokka (D:6)
  27 fungi
  59 plants
87 creatures vanquished.

Grand Total: 518 creatures vanquished

Notes
Turn   | Place    | Note
-------+----------+-------------------------------------------
     0 | D:1      | lokiplouj the Minotaur Berserker began the quest for the
                  | Orb.
     0 | D:1      | Reached XP level 1. HP: 19/19 MP: 0/0
   169 | D:1      | Reached XP level 2. HP: 27/27 MP: 1/1
   406 | D:1      | Reached ** piety under Trog
   625 | D:1      | Reached XP level 3. HP: 31/33 MP: 2/2
   827 | D:2      | Found a faded altar of an unknown god.
  1025 | D:2      | Reached XP level 4. HP: 29/41 MP: 3/3
  1135 | D:2      | Found a glowing golden altar of the Shining One.
  1151 | D:2      | Noticed a phantom
  1158 | D:2      | Killed a phantom
  1159 | D:2      | Reached XP level 5. HP: 43/47 MP: 4/4
  1255 | D:2      | Noticed Natasha
  1261 | D:2      | Killed Natasha
  1330 | D:2      | Noticed Natasha
  1335 | D:2      | Killed Natasha
  1520 | D:2      | Reached skill level 5 in Fighting
  1520 | D:2      | Reached skill level 5 in Axes
  1862 | D:3      | Found a shimmering altar of Xom.
  2285 | D:3      | Identified the ring "Ejyjaet" {Fly rPois rF+ rN+ rCorr}
  2338 | D:4      | Noticed Blork the orc
  2347 | D:4      | Killed Blork the orc
  2348 | D:4      | Reached XP level 6. HP: 8/56 MP: 5/5
  2876 | D:4      | Found an ancient bone altar of Kikubaaqudgha.
  3219 | D:5      | Entered Level 5 of the Dungeon
  3231 | D:5      | Found a hazy altar of Hepliaklqana.
  3299 | D:5      | Reached *** piety under Trog
  3526 | D:5      | Reached skill level 5 in Armour
  3526 | D:5      | Reached XP level 7. HP: 47/62 MP: 6/6
  3961 | D:5      | Reached skill level 5 in Dodging
  4088 | D:5      | Reached XP level 8. HP: 57/71 MP: 7/7
  4195 | D:6      | Found a white marble altar of Elyvilon.
  4227 | D:6      | Found a staircase to the Ecumenical Temple.
  5053 | D:7      | Reached XP level 9. HP: 55/81 MP: 8/8
  5231 | D:7      | Found Tuus's Jewellery Boutique.
  5233 | D:7      | Found Myeghut's Book Boutique.
  5233 | D:7      | Noticed Joseph
  5240 | D:7      | Found Iriodemn's Antique Armour Boutique.
  5241 | D:7      | Found Qisysmuy's Magic Scroll Boutique.
  5254 | D:7      | Killed Joseph
  5316 | D:7      | Identified the +8 falchion of Evisceration {protect, rElec
                  | rCorr Int-5 Stlth-}
  5400 | D:7      | Noticed Dowan
  5403 | D:7      | Noticed Duvessa
  5404 | D:7      | Killed Dowan
  5406 | D:7      | Reached **** piety under Trog
  5410 | D:7      | Killed Duvessa
  5654 | D:7      | Identified the +0 leather armour "Meyhoas" {rElec}
  6362 | D:8      | Found a staircase to the Lair.
  6374 | D:8      | Reached XP level 10. HP: 91/91 MP: 9/9
  6980 | D:8      | Found a runed translucent gate.
  6980 | D:8      | Found a runed translucent gate.
  6982 | D:8      | Found a runed translucent gate.
  6982 | D:8      | Found an opulent altar of Gozag.
  6983 | D:8      | Noticed tinescath's ghost (novice MiFi)
  7015 | D:8      | Found a glowing golden altar of the Shining One.
  7072 | D:8      | Reached skill level 10 in Axes
  7076 | D:8      | Killed tinescath's ghost
  7077 | D:8      | Reached skill level 10 in Fighting
  7244 | D:9      | Found Uddi's Assorted Antiques.
  7247 | D:9      | Bought a translucent emerald amulet for 150 gold pieces
  7247 | D:9      | Identified the amulet of Sueree {RegenMP Contam Str+3
                  | Dex+6} (You bought it in a shop on level 9 of the Dungeon)
  7272 | D:9      | Noticed Erolcha
  7277 | D:9      | Killed Erolcha
  7278 | D:9      | Reached skill level 10 in Armour
  7530 | D:9      | Reached ***** piety under Trog
  7669 | D:9      | Found a blossoming altar of Fedhas.
  7680 | D:9      | Received a gift from Trog
  7741 | D:9      | Noticed Maurice
  7755 | D:9      | Killed Maurice
  7841 | D:9      | Identified the +0 pair of gloves "Leigh" {Int+2 Dex+3}
  8000 | D:9      | Found a sacrificial altar of Ru.
  8160 | D:9      | Reached XP level 11. HP: 101/101 MP: 10/10
  8683 | Lair:1   | Entered Level 1 of the Lair of Beasts
  8830 | Lair:1   | Reached skill level 10 in Dodging
  8920 | Lair:1   | Found a gate leading to a gauntlet.
  9209 | Lair:1   | Gained mutation: You do not regenerate when monsters are
                  | visible. [potion of mutation]
  9209 | Lair:1   | Gained mutation: You are agile. (Dex +4, Str/Int -1)
                  | [potion of mutation]
  9209 | Lair:1   | Lost mutation: You are agile. (Dex +4, Str/Int -1) [potion
                  | of mutation]
 10324 | Lair:2   | Reached XP level 12. HP: 106/113 MP: 11/11
 10383 | Lair:2   | Found a staircase to the Swamp.
 10899 | Lair:2   | Received a gift from Trog
 11287 | Lair:2   | Found a staircase to the Snake Pit.
 11917 | Lair:3   | Noticed Fannar
 11928 | Lair:3   | Killed Fannar
 12329 | Lair:3   | Reached XP level 13. HP: 123/123 MP: 12/12
 12802 | Lair:4   | Found the +8 autumn katana {vorpal, manifold assault}
 13066 | Lair:4   | Found a staircase to the Slime Pits.
 13591 | Lair:4   | You fall into a shaft and drop 1 floor!
 13591 | Lair:5   | Entered Level 5 of the Lair of Beasts
 13614 | Lair:5   | Identified the amulet of Foolhardiness {Reflect rC+ SH+5}
 13625 | Lair:5   | Gained mutation: You are frail. (-10% HP) [mutagenic glow]
 14974 | Lair:5   | Reached skill level 15 in Fighting
 14974 | Lair:5   | Reached skill level 15 in Axes
 15297 | Lair:5   | Reached XP level 14. HP: 119/121 MP: 13/13
 15598 | Lair:5   | Reached skill level 15 in Armour
 15879 | Lair:5   | Killed from afar by an oklob plant

Illustrated notes

Levels and vault maps discovered:
D:1:      onia_arrival_pentagram, layout_loops_ring
D:2:      layout_basic, hellmonk_ecumenical_altar_lost_god, basic_altar,
          serial_bayou_lake_a, uniq_natasha
D:3:      cheibrodos_thug_alley, layout_basic, xom_teletrap_fun
D:4:      layout_basic, overflow_temple_1_default, item_on_display_b,
          uniq_blork_the_orc
D:5:      old_forge, layout_basic, mainiacjoe_overflow_24_doors
D:6:      layout_rooms, elyvilon_altar_4, minmay_temple_entry_butterflies
D:7:      layout_loops_ring, enter_bailey_3, minmay_shop_grid_forest,
          minmay_fractal_squares_gapless_5, uniq_joseph, uniq_duvessa
D:8:      layout_basic, lemuel_round_altar, erik_lair_orcish_takeover,
          ebering_ghost_gozag
D:9:      layout_grid_maze, amcnicky_altar_gilded,
          nicolae_ru_the_path_less_chosen, serial_shops, kennysheep_mini,
          uniq_erolcha, uniq_maurice
Lair:1:   beast_lair_carwin_large_1, layout_small_grid, gauntlet_entry_generic
Lair:2:   layout_loops_ring, skrybe_swamp_entry_bodies,
          guppyfry_snake_entry_garden
Lair:3:   layout_roguey [special_room_mythical_zoo], uniq_fannar
Lair:4:   layout_cave_pods, slime_entry_1, hibernation_bobbens,
          grunt_megastairs_3
Lair:5:   hangedman_lair_in_review, layout_regular_city,
          hangedman_lair_caniforms_friends, minmay_lair_oklob_items

Skill      XL: |  1  2  3  4  5  6  7  8  9 10 11 12 13 14 |
---------------+-------------------------------------------+-----
Axes           | 4 5 6 8 9 10 12 13 15 | 15.2
Fighting       | 4 5 6 8 9 10 12 13 15 | 15.2
Armour         | 3 4 5 6 7 9 10 12 13 14 15 | 15.0
Dodging        | 3 4 5 6 8 9 11 12 13 | 13.8

Action                   |  1- 3 |  4- 6 |  7- 9 | 10-12 | 13-15 || total
-------------------------+-------+-------+-------+-------+-------++-------
Melee: Hand axe          |    93 |    48 |       |       |   289 ||   430
       Headbutt          |    13 |     6 |    17 |    44 |    86 ||   166
       Battleaxe         |       |    30 |   124 |   292 |     1 ||   447
       Unarmed           |       |       |     5 |       |       ||     5
       Punch             |       |       |       |       |     1 ||     1
Invok: Berserk           |       |     1 |     4 |     7 |     5 ||    17
       Trog's Hand       |       |       |     2 |     2 |     2 ||     6
       Brothers in Arms  |       |       |       |       |     1 ||     1
  Use: Scroll            |       |       |    12 |     3 |     6 ||    21
       Potion            |       |       |       |    13 |     1 ||    14
 Stab: Sleeping          |     1 |     2 |       |       |       ||     3
       Confused          |       |       |     1 |       |       ||     1
Armor: Animal skin       |    17 |    10 |    13 |       |       ||    40
       Ring mail         |       |       |     5 |     4 |       ||     9
       Plate armour      |       |       |       |   120 |   123 ||   243
Dodge: Dodged            |    59 |    56 |   106 |   201 |   141 ||   563
Block: Kite shield       |       |       |       |       |   124 ||   124

Table legend: (Time is in decaauts)
 A = Elapsed time spent in this place.
 B = Non-inter-level travel time spent in this place.
 C = Inter-level travel time spent in this place.
 D = Time resting spent in this place.
 E = Time spent auto-exploring this place.
 F = Levels seen in this place.
 G = Mean time per level.
                   A        B        C        D        E       F      G
               +--------+--------+--------+--------+--------+-----+--------+
         Total |  16124 |  15131 |    993 |   3375 |   9744 |  14 | 1151.7 |
       Dungeon |   8885 |   8021 |    864 |   1219 |   5603 |   9 |  987.2 |
          Lair |   7238 |   7110 |    128 |   2156 |   4141 |   5 | 1447.6 |
               +--------+--------+--------+--------+--------+-----+--------+

Top non-repeatable levels by time:
  Lair:5: 2271 daAuts
  Lair:1: 1555 daAuts
  Lair:2: 1414 daAuts
  Lair:3: 1225 daAuts
     D:9: 1198 daAuts
     D:2: 1139 daAuts
     D:4: 1058 daAuts
     D:5: 1042 daAuts
     D:3: 1035 daAuts
     D:8: 1008 daAuts
     D:7: 862 daAuts
     D:6: 803 daAuts
  Lair:4: 772 daAuts
     D:1: 738 daAuts
